 Dungeon Crawl Stone Soup version 0.31-a0-986-g5e6e4ef867 (webtiles) character file.

Game seed: 6191569097607058035

2174 sammy202020 the Ruffian (level 9, -3/69 HPs)
             Began as a Demonspawn Shapeshifter on Nov 9, 2023.
             Was an Initiate of Hepliaklqana.
             Slain by a two-headed ogre
             ... wielding a +0 giant club
              (24 damage)
             ... on level 7 of the Dungeon.
             The game lasted 00:09:09 (5232 turns).

sammy202020 the Ruffian (Demonspawn Shapeshifter)   Turns: 5232, Time: 00:09:09

Health: -3/69      AC: 16    Str: 19    XL:     9   Next: 11%
Magic:  9/9        EV:  6    Int: 11    God:    Hepliaklqana [......]
Gold:   510        SH:  0    Dex: 11    Spells: 8/8 levels left

rFire   . .          .
                       - Unarmed
rCold   + . .        (no shield)
rNeg    . . .        q - +1 plate armour {Will+}
rPois   .            (helmet currently unavailable)
rElec   .            (cloak currently unavailable)
rCorr   .            (gloves currently unavailable)
SInv    .            (boots currently unavailable)
Will    +....        (no amulet) Stlth
                     (no ring)
HPRegen 0.31/turn    (no ring)
MPRegen 0.11/turn

%: no passive effects
@: beast-form
A: beast (slay +3), icy blue scales 3, powered by death 1, spiny 3, clumsy 1,
passive freeze
a: Begin Untransformation, Renounce Religion


You were on level 7 of the Dungeon.
You worshipped Hepliaklqana.
Hepliaklqana was noncommittal.
You were a hulking beast.
You visited 2 branches of the dungeon, and saw 8 of its levels.
You also visited: Ossuary.

You collected 510 gold pieces.

Inventory:

Missiles
 p - 3 throwing nets
Armour
 a - a +1 animal skin
 g - a +0 helmet
 l - a scarf of resistance
 m - a +1 helmet
 q - a +1 plate armour of willpower (worn)
Talismans
 c - a beast talisman
 d - a flux talisman
Wands
 r - a wand of flame (27)
 v - a wand of light (6)
 w - a wand of mindburst (19)
 y - a wand of charming (14)
Scrolls
 h - a scroll of teleportation
 i - 3 scrolls of enchant weapon
 k - 3 scrolls of blinking
 n - a scroll of revelation
 t - a scroll of enchant armour
 x - a scroll of identify
 A - 2 scrolls of fear
Potions
 b - 4 potions of lignification
 e - 2 potions of mutation
 f - 5 potions of enlightenment
 j - 6 potions of curing
 o - 2 potions of might {unknown}
 s - a potion of attraction {unknown}
 u - a potion of magic {unknown}
 z - 2 potions of heal wounds {unknown}
 B - 2 potions of berserk rage {unknown}
 C - a potion of ambrosia {unknown}
 E - 2 potions of brilliance {unknown}


   Skills:
 * Level 6.0 Fighting
 + Level 3.7 Armour
 + Level 4.1 Dodging
 * Level 6.1 Unarmed Combat
 * Level 5.7 Shapeshifting


You had 8 spell levels left.
You didn't know any spells.
Your spell library contained the following spells:

 Spells                   Type           Power      Damage    Failure   Level
 Necrotise                Necr           0%         1d4       100%        1
 Inner Flame              Hex/Fire       0%         N/A       100%        3
 Vampiric Draining        Necr           0%         2d6       100%        3
 Flame Wave               Conj/Fire      0%         2d4       100%        4
 Olgreb's Toxic Radiance  Pois           0%         N/A       100%        4
 Sticky Flame             Conj/Fire      0%         2d3       100%        4
 Agony                    Necr           0%         N/A       100%        5
 Discord                  Hex            0%         N/A       100%        8
 Ignition                 Fire           0%         3d3       100%        8


Dungeon Overview and Level Annotations

Branches:
Dungeon (7/15)             Temple (1/1) D:7         Ossuary (visited)

Altars:
Ashenzari
Cheibriados
Dithmenos
Fedhas
Gozag
Hepliaklqana
Kikubaaqudgha
Makhleb
Nemelex Xobeh
Qazlal
Ru
Sif Muna
Trog
Uskayaw
Vehumet
Wu Jian
Xom
Yredelemnul


Innate Abilities, Weirdness & Mutations

You are a hulking beast.
Your limbs bulge with bestial killing power. (Slay +3)
You are completely covered in icy blue scales. (AC +4, rC+)
You regenerate a little health from kills.
You are completely covered in sharp spines.
You are clumsy. (Dex -2)
A frigid envelope surrounds you and freezes all who hurt you.


Message History

The wight resists.
The wight is very cold.
The wight is severely damaged.
You punch the wight!
You destroy the wight!
Your life force feels restored.
Items here: )) [[.
Okay, then.
Items here: )) [[.
Okay, then.
You start resting.
HP restored.
You start waiting.
Done waiting.
Found a sling.
A two-headed ogre comes into view. It is wielding two +0 giant clubs.
The two-headed ogre shouts in stereo!
A two-headed ogre is nearby!
You barely miss the two-headed ogre.
The two-headed ogre is struck by your spines.
The two-headed ogre hits you with a +0 giant club!
The two-headed ogre is very cold.
The two-headed ogre is lightly wounded.
The two-headed ogre hits you with a +0 giant club!
The two-headed ogre is very cold.
The two-headed ogre is moderately wounded.
Okay, then.
You punch the two-headed ogre!
The two-headed ogre is heavily wounded.
You hit the two-headed ogre but do no damage.
The two-headed ogre is heavily wounded.
The two-headed ogre hits you with a +0 giant club!!
The two-headed ogre is very cold.
The two-headed ogre is severely wounded.
The two-headed ogre hits you with a +0 giant club.
The two-headed ogre is very cold.
The two-headed ogre is severely wounded.
You hit the two-headed ogre.
The two-headed ogre is almost dead.
The two-headed ogre hits you with a +0 giant club!!
You die...

#. ##.##..##.#.. #.
#............
#)##............
#.........♣♣♣... #
#........♣.♣.... #.
#........♣.....
#.######.....♣♣♣...#
#..................#
.....#h#####.#........#
... #O# #....####### .
#.# ###### #.# #.# #.#
..# ###


You could see a two-headed ogre.

Vanquished Creatures
  A water moccasin (D:5)
  An ice beast (D:5)
  A centaur (D:5)
  A phantom (D:6)
  2 bullfrogs
  4 scorpions
  2 elf skeletons (D:6)
  5 water moccasin zombies (Ossuary)
  8 wights
  A crimson imp (D:5)
  2 hounds (D:5)
  A human zombie (D:6)
  3 human skeletons (D:6)
  5 iguanas
  An orc wizard (D:6)
  2 mummies (Ossuary)
  8 gnolls
  8 adders
  4 ufetubi
  4 adder zombies (Ossuary)
  2 worms
  2 dart slugs (D:1)
  10 orcs
  4 bats
  3 endoplasms
  A giant cockroach (D:3)
  6 goblins
  9 hobgoblins
  2 jackals (D:2)
  2 quokkas (D:4)
  5 ball pythons
  2 gnoll zombies (Ossuary)
  2 hobgoblin zombies (Ossuary)
  3 kobolds
  6 kobold zombies (Ossuary)
  2 orc skeletons (D:6)
  12 orc zombies
  4 rats
141 creatures vanquished.

Notes
Turn   | Place    | Note
-------+----------+-------------------------------------------
     0 | D:1      | sammy202020 the Demonspawn Shapeshifter began the quest for
                  | the Orb.
     0 | D:1      | Reached XP level 1. HP: 15/15 MP: 1/1
   286 | D:1      | Gained mutation: You are partially covered in sharp spines.
                  | [demonic ancestry]
   286 | D:1      | Reached XP level 2. HP: 17/21 MP: 2/2
   540 | D:1      | Found a faded altar of an unknown god.
   834 | D:2      | Gained mutation: You are partially covered in icy blue
                  | scales. (AC +2) [demonic ancestry]
   834 | D:2      | Reached XP level 3. HP: 17/26 MP: 3/3
  1400 | D:2      | Gained mutation: You regenerate a little health from kills.
                  | [demonic ancestry]
  1400 | D:2      | Reached XP level 4. HP: 18/33 MP: 4/4
  1408 | D:2      | Reached skill level 1 in Armour
  2076 | D:3      | Found an ancient bone altar of Kikubaaqudgha.
  2395 | D:3      | Gained mutation: You are clumsy. (Dex -2) [potion of
                  | mutation]
  2395 | D:3      | Gained mutation: A frigid envelope surrounds you and
                  | freezes all who hurt you. [potion of mutation]
  2478 | D:4      | Noticed a scorpion
  2488 | D:4      | Killed a scorpion
  2489 | D:4      | Gained mutation: You are mostly covered in sharp spines.
                  | [demonic ancestry]
  2489 | D:4      | Reached XP level 5. HP: 29/39 MP: 5/5
  2638 | D:4      | Found a broken altar of Ashenzari.
  2639 | D:4      | Found an ornate altar of the Wu Jian Council.
  2787 | D:4      | Gained mutation: You are mostly covered in icy blue scales.
                  | (AC +3) [demonic ancestry]
  2787 | D:4      | Reached XP level 6. HP: 44/47 MP: 6/6
  2891 | D:5      | Entered Level 5 of the Dungeon
  2939 | D:5      | Noticed a water moccasin
  2945 | D:5      | Killed a water moccasin
  2995 | D:5      | Noticed an ice beast
  3004 | D:5      | Killed an ice beast
  3005 | D:5      | Reached XP level 7. HP: 53/53 MP: 7/7
  3329 | D:5      | Found a radiant altar of Vehumet.
  3329 | D:5      | Found a burning altar of Makhleb.
  3888 | D:6      | Reached skill level 5 in Unarmed Combat
  3888 | D:6      | Gained mutation: You are completely covered in icy blue
                  | scales. (AC +4, rC+) [demonic ancestry]
  3888 | D:6      | Reached XP level 8. HP: 59/61 MP: 8/8
  4017 | D:6      | Reached skill level 5 in Fighting
  4021 | D:6      | Found a sand-covered staircase.
  4027 | Ossuary  | Entered an ossuary
  4089 | Ossuary  | Reached skill level 5 in Shapeshifting
  4458 | D:6      | Found a shimmering blue altar of Sif Muna.
  4459 | D:6      | Found a shadowy altar of Dithmenos.
  4460 | D:6      | Found a snail-covered altar of Cheibriados.
  4808 | D:7      | Found a staircase to the Ecumenical Temple.
  4844 | Temple   | Entered the Ecumenical Temple
  4873 | Temple   | Became a worshipper of Hepliaklqana the Forgotten
  4933 | D:7      | Gained mutation: You are completely covered in sharp
                  | spines. [demonic ancestry]
  4933 | D:7      | Reached XP level 9. HP: 64/69 MP: 9/9
  5227 | D:7      | Noticed a two-headed ogre
  5232 | D:7      | Slain by a two-headed ogre

Illustrated notes

Levels and vault maps discovered:
D:1:      dpeg_arrival_simpleton_c, layout_basic,
          hellmonk_ecumenical_altar_leap_of_faith
D:2:      layout_basic, dreamdust_mushroom_princess, guppyfry_early_orc_mine
D:3:      layout_rooms, lemuel_crystal_altar
D:4:      layout_basic, mainiacjoe_overflow_divided_tiny
D:5:      layout_loops_cross, grunt_temple_overflow_lords_of_destruction,
          minmay_crystal_water, st_stairs_2, minmay_quadrilaterals
D:6:      layout_cave_pools, mainiacjoe_overflow_alcove_3,
          nicolae_ossuary_entry_catacombs
D:7:      layout_loops_ring, old_standard_altar, minmay_temple_entry_waves,
          hellmonk_ghost_happy_afterlife, minmay_misc_feat_plants,
          chequers_garden, minmay_misc_feat_tower
Temple:   hc_temple_tempest_star

Skill      XL: |  1  2  3  4  5  6  7  8  9 |
---------------+----------------------------+-----
Unarmed Combat | 3 4 5 6 |  6.1
Shapeshifting  | 3 4 5 |  5.7
Dodging        | 2 3 4 |  4.1
Fighting       | 2 3 4 5 6 |  6.0
Armour         | 1 2 3 |  3.7

Action                     |  1- 3 |  4- 6 |  7- 9 || total
---------------------------+-------+-------+-------++-------
  Melee: Unarmed           |    79 |    93 |   206 ||   378
         Punch             |       |     2 |     7 ||     9
    Use: Scroll            |     1 |     8 |     6 ||    15
         Potion            |       |     2 |       ||     2
   Stab: Sleeping          |     2 |     1 |       ||     3
 Armour: Animal skin       |    32 |    47 |       ||    79
         Plate armour      |       |    16 |   141 ||   157
  Dodge: Dodged            |    47 |    50 |    34 ||   131

Table legend: (Time is in decaauts)
 A = Elapsed time spent in this place.
 B = Non-inter-level travel time spent in this place.
 C = Inter-level travel time spent in this place.
 D = Time resting spent in this place.
 E = Time spent auto-exploring this place.
 F = Levels seen in this place.
 G = Mean time per level.
                   A        B        C        D        E       F      G
               +--------+--------+--------+--------+--------+-----+--------+
         Total |   5208 |   5139 |     69 |    399 |   3508 |   9 |  578.7 |
       Dungeon |   4941 |   4879 |     62 |    399 |   3413 |   7 |  705.9 |
        Temple |     70 |     63 |      7 |      0 |      0 |   1 |   70.0 |
       Ossuary |    197 |    197 |      0 |      0 |     95 |   1 |  197.0 |
               +--------+--------+--------+--------+--------+-----+--------+

Top non-repeatable levels by time:
     D:2: 1228 daAuts
     D:5: 860 daAuts
     D:6: 783 daAuts
     D:1: 719 daAuts
     D:3: 482 daAuts
     D:4: 450 daAuts
     D:7: 415 daAuts
 Ossuary: 197 daAuts
  Temple: 70 daAuts
